 Dungeon Crawl Stone Soup version 0.22.1-1-ga44c0e56f4 (webtiles) character file.

514 Peloso the Slasher (level 7, 0/60 HPs)
             Began as a Minotaur Fighter on Oct 30, 2018.
             Was an Initiate of Okawaru.
             Killed by divine providence
             ... invoked by an orc priest
              (9 damage)
             ... on level 5 of the Dungeon.
             The game lasted 00:08:12 (3802 turns).

Peloso the Slasher (Minotaur Fighter)               Turns: 3802, Time: 00:08:12

Health: 0/60       AC:  9    Str: 21    XL:     7   Next: 0%
Magic:  0/6        EV:  6    Int:  5    God:    Okawaru [......]
Gold:   175        SH: 10    Dex: 11    Spells: 6/6 levels left

rFire    . . .     SeeInvis .   a - +0 long sword
rCold    + . .     Gourm    .   c - +0 shield
rNeg     . . .     Faith    +   b - +0 chain mail
rPois    .         Spirit   +   (helmet restricted)
rElec    .         Reflect  .   l - scarf {Spirit}
rCorr    .         Harm     .   (no gloves)
MR       .....                  (no boots)
Stlth    ..........             s - amulet of faith
HPRegen  0.20/turn              u - ring of protection from cold
MPRegen  0.10/turn              v - ring of stealth

@: no status effects
A: retaliatory headbutt, horns 2
a: Renounce Religion


You were on level 5 of the Dungeon.
You worshipped Okawaru.
Okawaru was noncommittal.
You were not hungry.

You visited 1 branch of the dungeon, and saw 5 of its levels.

You collected 175 gold pieces.

Inventory:

Hand Weapons
 a - a +0 long sword (weapon)
Armour
 b - a +0 chain mail (worn)
 c - a +0 shield (worn)
 l - a scarf of spirit shield (worn)
Jewellery
 i - a +1 ring of protection
 r - an uncursed ring of resist corrosion
 s - an amulet of faith (around neck)
 u - a ring of protection from cold (left hand)
 v - a ring of stealth (right hand)
Wands
 n - a wand of flame (25)
Scrolls
 e - a scroll of noise {unknown}
 h - 2 scrolls of magic mapping {unknown}
 m - 2 scrolls of remove curse {unknown}
 o - 4 scrolls of amnesia {unknown}
 p - 3 scrolls of teleportation {unknown}
 q - 4 scrolls of identify {unknown}
 t - 2 scrolls of blinking {unknown}
 x - a scroll of fear {unknown}
Potions
 d - a potion of might
 g - a potion of brilliance {unknown}
 j - 2 potions of degeneration {unknown}
 k - a potion of curing {unknown}
 w - 2 potions of flight {unknown}
Comestibles
 f - 5 rations
 z - 2 chunks of flesh


   Skills:
 + Level 4.8 Fighting
 + Level 5.9 Long Blades
 + Level 5.1 Armour
 + Level 1.8 Dodging
 + Level 0.3 Stealth
 + Level 5.6 Shields


You had 6 spell levels left.
You didn't know any spells.
Your spell library was empty.

Dungeon Overview and Level Annotations

Branches:
Dungeon (5/15)
 Temple: D:4-7

Altars:
Dithmenos
Elyvilon
Hepliaklqana
Nemelex Xobeh
Okawaru
Ru
Yredelemnul

Shops:
D:5 *


Innate Abilities, Weirdness & Mutations

You reflexively headbutt those who attack you in melee.
You have a pair of horns on your head.


Message History

Items here: )) [[ a dagger; a ring mail; a flail; a leather armour You hear the slow rusting of a drain nearby.
Magic restored.
There is an entrance to Gevezosu's Assorted Antiques here.
An orc priest comes into view. It is wielding a flail.
The orc priest shouts!
You see here a flail.
The orc priest mumbles some strange prayers to Beogh against you.
Beogh smites you!
There is a stone staircase leading up here.
You closely miss the orc priest.
The orc priest mumbles some strange prayers to Beogh against you.
Beogh smites you!
* * * LOW HITPOINT WARNING * * *
You hit the orc priest. Your headbutt misses the orc priest.
The orc priest is lightly wounded.
The orc priest mumbles some strange prayers to Beogh against you.
Beogh smites you!
You die...

..... #.#
..#.###.#
....#..!##
..#..##..####.
..#..#.......
#.#.........
#.#o....# .
#.#@.#..#.#
##.#..#..#.###..
#...............
#..#.).....##.#≈
#...[8.........≈
#<###).#####...≈
#.# #..# #..≈
..# #∩.# .#≈
#### #..# .


You could see an orc priest.

Vanquished Creatures
  An ogre (D:4)
  A hound (D:4)
  2 orc priests
  Jessica (D:2)
  2 orc wizards
  4 worker ants (D:4)
  5 adders
  7 worms
  2 dart slugs
  3 leopard geckos
  14 orcs
  11 bats
  6 giant cockroaches
  5 hobgoblins
  5 jackals
  2 quokkas
  A ball python (D:1)
  2 frilled lizards
  8 goblins
  A jackal skeleton (D:4)
  8 kobolds
  6 rats
97 creatures vanquished.

Notes
Turn   | Place    | Note
-------+----------+-------------------------------------------
     0 | D:1      | Peloso the Minotaur Fighter began the quest for the Orb.
     0 | D:1      | Reached XP level 1. HP: 19/19 MP: 0/0
   122 | D:1      | Reached XP level 2. HP: 26/27 MP: 1/1
   832 | D:2      | Reached XP level 3. HP: 27/33 MP: 2/2
   883 | D:2      | Found a sparkling altar of Nemelex Xobeh.
   947 | D:2      | Found a hazy altar of Hepliaklqana.
  1038 | D:2      | Found a basalt altar of Yredelemnul.
  1040 | D:2      | Noticed Jessica
  1048 | D:2      | Killed Jessica
  1048 | D:2      | Reached skill level 1 in Dodging
  1048 | D:2      | Reached XP level 4. HP: 36/40 MP: 3/3
  1145 | D:2      | Found a sacrificial altar of Ru.
  1593 | D:2      | Found a white marble altar of Elyvilon.
  1785 | D:3      | Found a shadowy altar of Dithmenos.
  1854 | D:3      | Reached XP level 5. HP: 47/47 MP: 4/4
  2280 | D:4      | Reached skill level 5 in Shields
  2672 | D:4      | Reached XP level 6. HP: 46/53 MP: 5/5
  2675 | D:4      | Reached skill level 5 in Long Blades
  2817 | D:4      | Found an iron altar of Okawaru.
  2832 | D:4      | Became a worshipper of Warmaster Okawaru
  3060 | D:4      | Reached skill level 5 in Armour
  3738 | D:5      | Entered Level 5 of the Dungeon
  3741 | D:5      | Found Gevezosu's Assorted Antiques.
  3764 | D:5      | Reached XP level 7. HP: 32/60 MP: 3/6
  3802 | D:5      | Killed from afar by an orc priest

Skill      XL: |  1  2  3  4  5  6 |
---------------+-------------------+-----
Fighting       | 4 |  4.8
Armour         | 4 5 |  5.1
Shields        | 4 5 |  5.6
Long Blades    | 3 4 5 |  5.9
Dodging        | 1 |  1.8
Stealth        | |  0.3

Action                   |  1- 3 |  4- 6 |  7- 9 || total
-------------------------+-------+-------+-------++-------
Melee: Long sword        |    73 |   193 |     2 ||   268
       Headbutt          |    12 |    42 |       ||    54
 Stab: Paralysed         |       |     2 |       ||     2
  Eat: Chunk             |       |     8 |     2 ||    10
Armor: Scale mail        |    46 |    73 |       ||   119
Dodge: Dodged            |    28 |    52 |       ||    80
Block: Shield            |    53 |   101 |       ||   154
       Rpst.: Long sword |     7 |    16 |       ||    23
